 Dungeon Sprint DCSS version 0.25.1-1-g288607f5aa (webtiles) character file.

Game seed: 5834811792508784343

82 jt the Shield-Bearer (level 4, -3/35 HPs)
             Began as a Formicid Fighter on July 26, 2020.
             Slain by a vampire mosquito (8 damage)
             ... in the Dungeon (Sprint II: "The Violet Keep of Menkaure").
             The game lasted 00:01:28 (225 turns).

jt the Shield-Bearer (Formicid Fighter)              Turns: 225, Time: 00:01:29

Health: -3/35      AC:  6    Str: 21    XL:     4   Next: 70%
Magic:  4/4        EV:  9    Int:  8    God:
Gold:   3          SH: 11    Dex: 10    Spells: 3/3 levels left

rFire    . . .     SeeInvis +   a - +2 broad axe (vamp)
rCold    . . .     Gourm    .   c - +0 kite shield
rNeg     . . .     Faith    .   b - +0 scale mail
rPois    .         Spirit   .   (helmet unavailable)
rElec    .         Reflect  .   (no cloak)
rCorr    .         Harm     .   (no gloves)
MR       .....                  (no boots)
Stlth    ..........             (no amulet)
HPRegen  0.11/turn              (no ring)
MPRegen  0.09/turn              (no ring)

@: no status effects
A: permanent stasis, dig shafts and tunnels, four strong arms, antennae 3
a: Dig


You were in the Dungeon.
You were not hungry.

You visited 1 branch You collected 243 gold pieces.
You spent 240 gold pieces at shops.

Inventory:

Hand Weapons
 a - a +2 vampiric broad axe (weapon)
 e - a +0 war axe
Armour
 b - a +0 scale mail (worn)
 c - a +0 kite shield (worn)
Scrolls
 k - a scroll of blinking
Potions
 d - a potion of might
 h - a potion of haste
 i - 2 potions of magic
 j - a potion of berserk rage
Comestibles
 f - a ration
 l - 2 chunks of flesh


   Skills:
 - Level 3.2 Fighting
 + Level 6.1 Axes
 - Level 3.2 Armour
 + Level 7.9 Shields


You had 3 spell levels left.
You didn't know any spells.
Your spell library was empty.

Dungeon Overview and Level Annotations

Branches:
Dungeon (1/1)

Altars:

Shops:
D [::(!}=%(!%?::=[

Annotations:
D exclusion: oklob plant


Innate Abilities, Weirdness & Mutations

You cannot be hasted, slowed, berserked, paralysed or teleported.
You can dig through walls and to a lower floor.
Your four strong arms can wield two-handed weapons with a shield.
You have a pair of large antennae on your head. (SInv)


Message History

The vampire mosquito is heavily damaged.
The vampire mosquito completely misses you.
The vampire mosquito bites you!
The vampire mosquito draws strength from your injuries!
You block the vampire mosquito's attack.
Some of the chunks of flesh in your inventory have rotted away.
You barely miss the vampire mosquito.
The vampire mosquito is lightly damaged.
The vampire mosquito barely misses you. The vampire mosquito bites you.
The vampire mosquito draws strength from your injuries!
You hit the vampire mosquito but do no damage.
You block the vampire mosquito's attack.
The vampire mosquito bites you!
* * * LOW HITPOINT WARNING * * *
The vampire mosquito draws strength from your injuries!
You closely miss the vampire mosquito.
The vampire mosquito bites you but does no damage.
You block the vampire mosquito's attack.
The vampire mosquito bites you!
You die...

############≈≈#++
###########≈≈≈...
##∩.∩.....#≈≈≈≈.#
##.∩.∩....#≈≈≈≈#
##..∩.∩...#≈≈≈≈# {
##...∩.∩..#≈≈#
##....∩.⌠.#≈##{ #+# {
##...∩.∩..#≈# {##.## {
##..∩.∩...@≈+ +.<.+
##.∩.∩....#y# { ##.## {
#▓▓▓▓▓▓▓###≈##{ ##'## {
##(GG######≈≈####.#.##
#?hG#D{ ##≈≈≈#..##.#
#∩Ph+?.# #'#≈##..### ≈
#/$.#(##S##?#≈≈##'##≈≈§≈
#(.?###S○○####≈≈≈≈≈≈≈§≈§§
##+###○≈○° #+++#+++#§§≈


You could see a hell hog, 3 shining eyes, an oklob plant and a vampire mosquito.

Vanquished Creatures
  A crocodile (D)
  3 worms (D)
4 creatures vanquished.

Vanquished Creatures (others)
  Menkaure (D)
  A crocodile (D)
2 creatures vanquished.

Grand Total: 6 creatures vanquished

Notes
Turn   | Place    | Note
-------+----------+-------------------------------------------
     0 | D        | jt the Formicid Fighter began the quest for the Orb.
     0 | D        | Reached XP level 1. HP: 18/18 MP: 1/1
     7 | D        | Reached skill level 4 in Shields
    14 | D        | Reached XP level 2. HP: 21/24 MP: 2/2
    18 | D        | Reached skill level 5 in Shields
    21 | D        | Killed Menkaure
    33 | D        | Noticed a flying skull
    33 | D        | Noticed a flying skull
    33 | D        | Noticed a flying skull
    33 | D        | Noticed a flying skull
    33 | D        | Noticed a flying skull
    33 | D        | Noticed a flying skull
    33 | D        | Noticed a flying skull
    33 | D        | Noticed a flying skull
    33 | D        | Noticed a flying skull
    34 | D        | Noticed a flying skull
    38 | D        | Found Satup's Antique Armour Shop.
    39 | D        | Found Teunohi's Book Shop.
    39 | D        | Found Tajo's Book Boutique.
    39 | D        | Found Oruich's Jewellery Boutique.
    40 | D        | Found Qysenoc's Food Shop.
    40 | D        | Found Woheebax's Distillery.
    40 | D        | Found Pitip's Weapon Shop.
    40 | D        | Found Giack's Magic Scroll Shop.
    41 | D        | Found Ezxizyiwk's Jewellery Boutique.
    41 | D        | Found Vyroruoq's Gadget Boutique.
    41 | D        | Found Vepnucvytu's Food Boutique.
    43 | D        | Found Ekiuloy's Distillery.
    44 | D        | Found Ucoid's Antique Weapon Boutique.
    44 | D        | Found Nitismai's Book Shop.
    44 | D        | Noticed a crocodile
    44 | D        | Noticed a shining eye
    44 | D        | Noticed a shining eye
    44 | D        | Noticed a shining eye
    44 | D        | Noticed an oklob plant
    45 | D        | Found Ycuqisil's Antique Armour Boutique.
    45 | D        | Found Voafijos's Book Shoppe.
    47 | D        | Noticed a hell hog
    49 | D        | Noticed a hell hog
    51 | D        | Noticed an ice dragon
    52 | D        | Noticed a lava snake
    52 | D        | Noticed a lava snake
    59 | D        | Bought a +2 vampiric broad axe for 240 gold pieces
    77 | D        | Killed a crocodile
    77 | D        | Reached skill level 7 in Shields
    77 | D        | Reached XP level 3. HP: 16/29 MP: 3/3
    77 | D        | Reached XP level 4. HP: 20/35 MP: 4/4
    83 | D        | Killed a crocodile
   215 | D        | Noticed a vampire mosquito
   225 | D        | Slain by a vampire mosquito

Illustrated notes

Levels and vault maps discovered:
D:        the_violet_keep_of_menkaure [sprint2_stairs_cluster_1,
          sprint2_shoproom, sprint2_temple, sprint2_basic_supplies,
          sprint2_obstacle_1, sprint2_obstacle_3, sprint2_obstacle_6,
          sprint2_obstacle_5, sprint2_obstacle_7, sprint2_timed_cluster_1,
          sprint2_smallroom_cluster_1, sprint2_smallroom_final_cluster_1,
          sprint2_transparent_cluster_1, sprint2_second_timed_cluster_1,
          sprint2_sniper_area_1, sprint2_heavy_combat_area_1,
          sprint2_mutation_trap_area_1, sprint2_forest_area_1,
          sprint2_light_combat_area_1, sprint2_behind_water_1,
          sprint2_near_end_vault_1]

Skill      XL: |  1  2 |
---------------+-------+-----
Shields        | 4 7 |  7.9
Axes           | 3 6 |  6.1
Fighting       | |  3.2
Armour         | |  3.2

Action                   |  1- 3 |  4- 6 || total
-------------------------+-------+-------++-------
Melee: War axe           |    13 |       ||    13
       Broad axe         |     4 |     6 ||    10
  Use: Potion            |     2 |       ||     2
Armor: Scale mail        |     2 |     3 ||     5
Dodge: Dodged            |     1 |     4 ||     5
Block: Kite shield       |     5 |    10 ||    15
